 Dungeon Crawl Stone Soup version 0.30-a0-779-g7971cf19c3 (webtiles) character file.

Game seed: 6782919465034934247

352 bande the Covered (level 6, -2/39 HPs)
             Began as a Gargoyle Fighter on Feb 18, 2023.
             Killed by nerve-wracking pain
             ... invoked by an orc priest
              (3 damage)
             ... on level 4 of the Dungeon.
             The game lasted 00:04:43 (2667 turns).

bande the Covered (Gargoyle Fighter)                Turns: 2667, Time: 00:04:44

Health: -2/39      AC: 15    Str: 20    XL:     6   Next: 61%
Magic:  6/6        EV:  9    Int:  8    God:
Gold:   122        SH:  4    Dex: 11    Spells: 5/5 levels left

rFire   . . .      SeeInvis .    a - +0 war axe (drain)
rCold   . . .      Faith    .    c - +0 buckler
rNeg    + . .      Spirit   .    b - +0 scale mail
rPois   ∞          Reflect  .    (no helmet)
rElec   +          Harm     .    (no cloak)
rCorr   .          Rampage  .    n - +0 pair of gloves
Will    .....                    s - +1 pair of boots Stlth
                                 (no amulet)
HPRegen 0.26/turn                (no ring)
MPRegen 0.10/turn                (no ring)

@: no status effects
A: sickness immunity, AC +4, negative energy resistance 1, electricity
resistance, torment resistance 1, petrification resistance
a: no special abilities


You were on level 4 of the Dungeon.
You visited 1 branch of the dungeon, and saw 4 of its levels.

You collected 122 gold pieces.

Inventory:

Hand Weapons
 a - a +0 war axe of draining (weapon)
 m - a +0 war axe
Armour
 b - a +0 scale mail (worn)
 c - a +0 buckler (worn)
 n - a +0 pair of gloves (worn)
 s - a +1 pair of boots (worn)
Wands
 f - a wand of polymorph (6)
Scrolls
 g - 2 scrolls of teleportation
Potions
 d - 3 potions of might
 e - 2 potions of heal wounds
 i - 2 potions of flight
 j - 4 potions of curing
 l - a potion of ambrosia {unknown}


   Skills:
 + Level 4.3 Fighting
 + Level 4.5 Axes
 + Level 4.6 Armour
 + Level 3.9 Shields
 * Level 0.2 Evocations


You had 5 spell levels left.
You didn't know any spells.
Your spell library contained the following spells:

 Spells                   Type           Power      Damage    Failure   Level
 Necrotise                Necr           0%         1d4       83%         1
 Silence                  Hex/Air        0%         N/A       100%        5
 Borgnjor's Revivificati  Necr           0%         N/A       100%        8
 Sublimation of Blood     Necr           Unusable   N/A       N/A         2

Dungeon Overview and Level Annotations

Branches:
Dungeon (4/15)
 Temple: D:4-7

Altars:
Hepliaklqana

Shops:
D:1 :


Innate Abilities, Weirdness & Mutations

You are immune to sickness and miasma.
Your stone body is resilient. (AC +4)
You are immune to poison.
You resist negative energy. (rN+)
You are resistant to electric shocks. (rElec)
You are resistant to unholy torment.
You are immune to petrification.


Message History

The orc priest invokes the aid of Beogh against you.
Pain shoots through your body!
You barely miss the orc wizard.
The orc wizard is lightly wounded.
You hit the orc priest but do no damage.
The orc wizard hits you but does no damage.
The orc priest hits you but does no damage.
You slash the orc wizard! You drain the orc wizard.
You kill the orc wizard!
You closely miss the orc priest.
The orc priest hits you but does no damage.
The orc priest mumbles some strange prayers to Beogh against you.
Beogh smites you!
You hit the orc priest.
The orc priest is lightly wounded.
The orc priest barely misses you.
You closely miss the orc priest.
The orc priest is lightly wounded.
The orc priest invokes the aid of Beogh against you.
Pain shoots through your body!
You are too injured to fight recklessly!
You are too injured to fight recklessly!
You are too injured to fight recklessly!
You are too injured to fight recklessly!
You are too injured to fight recklessly!
You are too injured to fight recklessly!
You are too injured to fight recklessly!
You are too injured to fight recklessly!
You are too injured to fight recklessly!
You slash the orc priest!
The orc priest is severely wounded.
You block the orc priest's attack.
The orc priest mumbles some strange prayers to Beogh against you.
Beogh smites you!
* * * LOW HITPOINT WARNING * * *
You hit the orc priest. You drain the orc priest.
The orc priest is almost dead.
The orc priest invokes the aid of Beogh against you.
Pain shoots through your body!
You die...

#.#.# #.#.#
#.#.# #.#.#
#.#.# #.#.#
#.#.#
##.#.#
#..@)#
#.)o....#
#........#
#.#.##.####
..### .#
### ##


You could see an orc priest (very drained).

Vanquished Creatures
  2 kobold brigands (D:3)
  Jessica (D:2)
  2 orc wizards
  Terence (D:2)
  5 adders
  A dart slug (D:1)
  6 orcs
  5 bats
  4 endoplasms
  5 giant cockroaches
  3 goblins
  4 hobgoblins
  3 jackals (D:2)
  15 ball pythons
  4 frilled lizards
  9 kobolds
  3 rats
73 creatures vanquished.

Vanquished Creatures (others)
  2 plants (D:3)
2 creatures vanquished.

Grand Total: 75 creatures vanquished

Notes
Turn   | Place    | Note
-------+----------+-------------------------------------------
     0 | D:1      | bande the Gargoyle Fighter began the quest for the Orb.
     0 | D:1      | Reached XP level 1. HP: 14/14 MP: 1/1
   196 | D:1      | Reached XP level 2. HP: 19/19 MP: 2/2
   451 | D:1      | Found Nasah's Book Emporium.
   726 | D:1      | Reached XP level 3. HP: 23/23 MP: 3/3
   805 | D:1      | Found a faded altar of an unknown god.
   917 | D:2      | Noticed Terence
   930 | D:2      | Killed Terence
  1100 | D:2      | Noticed Jessica
  1106 | D:2      | Killed Jessica
  1107 | D:2      | Reached XP level 4. HP: 21/29 MP: 4/4
  1310 | D:2      | Reached XP level 5. HP: 33/33 MP: 5/5
  1689 | D:3      | Got Zounwiwi's Tome of Gusty Malevolent Liturgies
  1692 | D:3      | Found a hazy altar of Hepliaklqana.
  1928 | D:3      | Identified the +0 leather armour of Yredelemnul's Whim
                  | {Int+4}
  2152 | D:3      | Found the +7 Throatcutter {drain, coup de grace}
  2152 | D:3      | Noticed a kobold brigand
  2152 | D:3      | Noticed a kobold brigand
  2158 | D:3      | Killed a kobold brigand
  2159 | D:3      | Reached XP level 6. HP: 28/38 MP: 6/6
  2666 | D:4      | HP: 1/39 [orc priest/divine providence (16)]
  2667 | D:4      | Killed from afar by an orc priest

Illustrated notes

Levels and vault maps discovered:
D:1:      eino_arrival_druids_welcome, layout_loops_corners,
          hellmonk_ecumenical_altar_crossroads, serial_shops,
          nicolae_shop_statue_plus
D:2:      layout_loops_cross, uniq_jessica, uniq_terence
D:3:      layout_basic, nicolae_hepliaklqana_hazy_memory,
          dilly_guarded_unrand_throatcut
D:4:      layout_loops_ring, minmay_ruptured

Skill      XL: |  1  2  3  4  5 |
---------------+----------------+-----
Axes           | 2 3 4 |  4.5
Armour         | 4 |  4.6
Fighting       | 4 |  4.3
Shields        | |  3.9
Evocations     | |  0.2

Action                     |  1- 3 |  4- 6 || total
---------------------------+-------+-------++-------
  Melee: War axe           |    92 |   119 ||   211
    Use: Scroll            |       |    10 ||    10
 Armour: Scale mail        |    77 |    71 ||   148
  Dodge: Dodged            |    60 |    55 ||   115
  Block: Buckler           |    24 |    34 ||    58

Table legend: (Time is in decaauts)
 A = Elapsed time spent in this place.
 B = Non-inter-level travel time spent in this place.
 C = Inter-level travel time spent in this place.
 D = Time resting spent in this place.
 E = Time spent auto-exploring this place.
 F = Levels seen in this place.
 G = Mean time per level.
                   A        B        C        D        E       F      G
               +--------+--------+--------+--------+--------+-----+--------+
         Total |   2749 |   2713 |     36 |      0 |   2096 |   4 |  687.2 |
       Dungeon |   2749 |   2713 |     36 |      0 |   2096 |   4 |  687.2 |
               +--------+--------+--------+--------+--------+-----+--------+

Top non-repeatable levels by time:
     D:3: 964 daAuts
     D:1: 939 daAuts
     D:2: 782 daAuts
     D:4: 62 daAuts
